 Dungeon Crawl Stone Soup version 0.17-a0-1718-g72dbe4d (webtiles) character file.

40 KambridgeKobold the Skirmisher (level 3, 0/33 HPs)
             Began as a Minotaur Fighter on Aug 24, 2015.
             Slain by a gnoll
             ... wielding a +0 flail
              (6 damage)
             ... on level 3 of the Dungeon.
             The game lasted 00:12:48 (1422 turns).

KambridgeKobold the Skirmisher (Minotaur Fighter)   Turns: 1422, Time: 00:12:48

Health: 0/33       AC:  3    Str: 20    XL:     3   Next: 30%
Magic:  2/2        EV:  8    Int:  5    God:
Gold:   129        SH:  9    Dex: 10    Spells: 0 memorised, 2 levels left

rFire  + . .     SeeInvis .     a - +0 war axe
rCold  x . .     Clarity  .     u - +0 leather armour (curse)
rNeg   . . .     SustAt   .     c - +0 shield
rPois  .         Gourm    .     (helmet restricted)
rElec  .         Spirit   .     (no cloak)
rCorr  .         Warding  .     (no gloves)
rMut   .         Stasis   .     (no boots)
MR     .....                    (no amulet)
Stlth  +.........               (no ring)
                                h - ring of fire

@: not resistant to hostile enchantments, very unstealthy
A: retaliatory headbutt, horns 2
a: no special abilities


You were on level 3 of the Dungeon.
You were not hungry.

You visited 1 branch of the dungeon, and saw 3 of its levels.

You collected 129 gold pieces.

Inventory:

Hand weapons
 a - a +0 war axe (weapon)
 w - a +0 hunting sling
Armour
 b - a +0 scale mail
 c - a +0 shield (worn)
 u - a cursed +0 leather armour (worn)
 v - a +0 leather armour
 z - a +0 chain mail
Jewellery
 h - a ring of fire (left hand)
Scrolls
 j - a scroll of amnesia {unknown}
 k - a scroll of teleportation {unknown}
 l - a scroll of fear {unknown}
 m - a scroll of magic mapping {unknown}
 q - 2 scrolls of immolation {unknown}
 s - a scroll of identify {unknown}
 t - a scroll of remove curse {unknown}
 x - a scroll of recharging {unknown}
 y - a scroll of blinking {unknown}
Potions
 d - a potion of might
 f - a potion of curing {unknown}
 o - 2 potions of agility {unknown}
 p - a potion of haste {unknown}
 r - a potion of mutation {unknown}
 A - 2 potions of berserk rage {unknown}
Comestibles
 e - 2 bread rations
 g - 2 meat rations
 i - 3 chunks of flesh
 n - a slice of pizza


   Skills:
 + Level 4.3 Fighting
 * Level 2.9 Axes
 - Level 4.0 Armour
 + Level 4.1 Shields


You had 2 spell levels left.
You didn't know any spells.

Dungeon Overview and Level Annotations

Branches:
Dungeon (3/15)

Altars:
Cheibriados
Qazlal


Innate Abilities, Weirdness & Mutations

You reflexively headbutt those who attack you in melee.
You have a pair of horns on your head.


Message History

You hit the gnoll.
The gnoll is lightly wounded.
The gnoll hits you from afar with a spear.
You closely miss the gnoll.
The gnoll is lightly wounded.
You barely miss the gnoll. You block the gnoll's attack.
The gnoll barely misses you. You furiously retaliate!
You headbutt the gnoll. You block the gnoll's attack.
The gnoll hits you with a whip.
A rat comes into view.
You closely miss the gnoll.
The gnoll is moderately wounded.
You hit the gnoll.
The gnoll is moderately wounded.
You closely miss the gnoll. You block the gnoll's attack.
The gnoll hits you with a flail!
* * * LOW HITPOINT WARNING * * *
You block the gnoll's attack. The gnoll barely misses you. The gnoll hits you.
* * * LOW HITPOINT WARNING * * *
The gnoll closely misses you. The gnoll hits you with a flail.
You die...

#..... #. #.######
##.## #....... #..r#
#######. #...#
#....... #...#
#.#####. #..g# #.# #.
#.gg# #####.#####.
##.g@### #...........
#......###.####.####.
#......รท...##.....##.
#......##..#.......#.
#......###.#......(#.
#......# #....._.....
###+#### #.#.......#.
#.#.......#.
#.##.....##.


You could see 4 gnolls and a rat.

Vanquished Creatures
  An adder (D:2)
  An orc (D:3)
  4 bats
  7 hobgoblins
  2 jackals (D:2)
  A quokka (D:3)
  A ball python (D:3)
  A giant cockroach (D:1)
  A giant newt (D:1)
  6 goblins
  3 kobolds (D:2)
  3 rats
31 creatures vanquished.

Notes
Turn   | Place    | Note
--------------------------------------------------------------
     0 | D:1      | KambridgeKobold the Minotaur Fighter began the quest for the Orb.
     0 | D:1      | Reached XP level 1. HP: 19/19 MP: 0/0
   443 | D:1      | Reached skill level 4 in Fighting
   488 | D:1      | Reached XP level 2. HP: 27/27 MP: 1/1
  1070 | D:2      | Found a stormy altar of Qazlal.
  1105 | D:2      | Reached XP level 3. HP: 33/33 MP: 2/2
  1358 | D:3      | Found a snail-covered altar of Cheibriados.
  1422 | D:3      | Slain by a gnoll

Vault maps used:
D:1:      dpeg_arrival_concentric_ovals
D:2:      minmay_misc_feat_pillars, grunt_qazlal_clouds
D:3:      old_standard_altar, okawaru_trees_2, first_bread,
          minmay_misc_feat_encased

Action                   || total
-------------------------++-------
Melee: War axe           ||    67
  Eat: Chunk             ||     2
